APL (24 & UNDER)
PENSACOLA PILOTS @ KENOSHA KINGFISH
06/21/2027
 
TOP OF THE 1ST
Pensacola Pilots batting - Pitching for Kenosha Kingfish : LHP Nick Clayton
Pitching: LHP Nick Clayton
Batting: RHB Leopoldo Horgan 0-0: Ball
1-0: Ball
2-0: Called Strike
2-1: SINGLE (Line Drive, 78M)
Batting: RHB Roberto Gómez 0-0: Ball
1-0: Ball
2-0: Foul Ball, location: 2F
2-1: Fielders Choice at 2nd, 5-4 (Groundball, 56)
Batting: RHB Jesús Sánchez 0-0: Ball
Roberto Gómez is caught stealing 2nd base
1-0: SINGLE (Line Drive, 6MD)
Batting: RHB Julian Lee 0-0: Called Strike
0-1: Ball
1-1: Foul Ball, location: 2F
1-2: Ground out 5-3 (Groundball, 56S)
Top of the 1st over - 0 run(s), 2 hit(s), 0 error(s), 1 left on base; Pensacola 0 - Kenosha 0
BOTTOM OF THE 1ST
Kenosha Kingfish batting - Pitching for Pensacola Pilots : LHP Fernando Palácios
Pitching: LHP Fernando Palácios
Batting: RHB Bob Lee 0-0: Fly out, F8 (Flyball, 8RM)
Batting: LHB Davey Casey 0-0: Ball
1-0: Foul Ball, location: 2F
1-1: Foul Ball, location: 2F
1-2: Foul Ball, location: 2F
1-2: Ball
2-2: Foul Ball, location: 2F
2-2: Ground out 4-3 (Groundball, 4)
Batting: RHB Manuel Gómez 0-0: Ball
1-0: TRIPLE (Line Drive, 8RM)
Batting: LHB Jon Quinn 0-0: Ball
1-0: DOUBLE (Line Drive, 7LD)
Manuel Gómez scores
Batting: RHB Sergio Mata 0-0: Ball
1-0: Called Strike
1-1: Foul Ball, location: 2F
1-2: Ball
2-2: DOUBLE (Line Drive, 78XD)
Jon Quinn scores
Batting: SHB Devin Smith 0-0: Ball
1-0: Called Strike
1-1: Called Strike
1-2: Ground out 4-3 (Groundball, 4)
Bottom of the 1st over - 2 run(s), 3 hit(s), 0 error(s), 1 left on base; Pensacola 0 - Kenosha 2
TOP OF THE 2ND
Pensacola Pilots batting - Pitching for Kenosha Kingfish : LHP Nick Clayton
Batting: LHB Armando Domínguez 0-0: Swinging Strike
0-1: Ball
1-1: Foul Ball, location: 2F
1-2: Ground out 6-3 (Groundball, 6)
Batting: LHB Nick Gamble 0-0: Called Strike
0-1: Foul Ball, location: 2F
0-2: Strikes out looking
Batting: SHB Fernando Gutiérrez 0-0: Ball
1-0: Ball
2-0: Foul Ball, location: 2F
2-1: Called Strike
2-2: Strikes out swinging
Top of the 2nd over - 0 run(s), 0 hit(s), 0 error(s), 0 left on base; Pensacola 0 - Kenosha 2
BOTTOM OF THE 2ND
Kenosha Kingfish batting - Pitching for Pensacola Pilots : LHP Fernando Palácios
Batting: SHB John Beach 0-0: Ball
1-0: Ball
2-0: Ball
3-0: Base on Balls
Batting: LHB Dusty Wilson 0-0: Ball
1-0: Ball
2-0: Foul Ball, location: 2F
2-1: Ball
3-1: Base on Balls
John Beach to second
Batting: RHB Tommy Davenport 0-0: Ball
1-0: Ball
2-0: Ball
3-0: Base on Balls
John Beach to third
Dusty Wilson to second
Batting: RHB Bob Lee 0-0: Ball
1-0: Foul Ball, location: 2F
1-1: Ball
2-1: Fly out, F8 (Flyball, 8RM)
Runner from 3rd tags up, OUT at HOME
Dusty Wilson to third
Tommy Davenport to second
Batting: LHB Davey Casey 0-0: Ball
1-0: Swinging Strike
1-1: Ground out 3-1 (Groundball, 34)
Bottom of the 2nd over - 0 run(s), 0 hit(s), 0 error(s), 2 left on base; Pensacola 0 - Kenosha 2
TOP OF THE 3RD
Pensacola Pilots batting - Pitching for Kenosha Kingfish : LHP Nick Clayton
Batting: RHB Aaron Grizzle 0-0: Swinging Strike
0-1: Called Strike
0-2: DOUBLE (Line Drive, 78M)
Batting: RHB Jesús García 0-0: Ball
1-0: Ball
2-0: Foul Ball, location: 2F
2-1: Foul Ball, location: 2F
2-2: Ground out 4-3 (Groundball, 4M)
Aaron Grizzle to third
Batting: RHB Leopoldo Horgan 0-0: Ball
1-0: Ball
2-0: Ball
3-0: Called Strike
3-1: Foul Ball, location: 2F
3-2: Fly out, F7 (Flyball, 7S)
Batting: RHB Roberto Gómez 0-0: Ball
1-0: Foul Ball, location: 2F
1-1: Called Strike
1-2: Fly out, F4 (Popup, 34D)
Top of the 3rd over - 0 run(s), 1 hit(s), 0 error(s), 1 left on base; Pensacola 0 - Kenosha 2
BOTTOM OF THE 3RD
Kenosha Kingfish batting - Pitching for Pensacola Pilots : LHP Fernando Palácios
Batting: RHB Manuel Gómez 0-0: Ground out 6-3 (Groundball, 6)
Batting: LHB Jon Quinn 0-0: Foul Ball, location: 2F
0-1: Swinging Strike
0-2: Ball
1-2: Foul Ball, location: 2F
1-2: Foul Ball, location: 2F
1-2: Foul Ball, location: 2F
1-2: Fly out, F7 (Flyball, 7)
Batting: RHB Sergio Mata 0-0: Ball
1-0: Called Strike
1-1: Called Strike
1-2: SINGLE (Line Drive, 9S)
Batting: SHB Devin Smith 0-0: Ball
1-0: Ball
2-0: Swinging Strike
2-1: Called Strike
2-2: Ball
3-2: Strikes out swinging
Bottom of the 3rd over - 0 run(s), 1 hit(s), 0 error(s), 1 left on base; Pensacola 0 - Kenosha 2
TOP OF THE 4TH
Pensacola Pilots batting - Pitching for Kenosha Kingfish : LHP Nick Clayton
Batting: RHB Jesús Sánchez 0-0: Ball
1-0: Swinging Strike
1-1: Foul Ball, location: 2F
1-2: Strikes out looking
Batting: RHB Julian Lee 0-0: Ball
1-0: Ball
2-0: Called Strike
2-1: Foul Ball, location: 2F
2-2: Strikes out swinging
Batting: LHB Armando Domínguez 0-0: Ball
1-0: Called Strike
1-1: Fly out, F8 (Flyball, 8LM)
Top of the 4th over - 0 run(s), 0 hit(s), 0 error(s), 0 left on base; Pensacola 0 - Kenosha 2
BOTTOM OF THE 4TH
Kenosha Kingfish batting - Pitching for Pensacola Pilots : LHP Fernando Palácios
Batting: SHB John Beach 0-0: Ball
1-0: Ball
2-0: Called Strike
2-1: Foul Ball, location: 2F
2-2: Ground out 5-3 (Groundball, 5L)
Batting: LHB Dusty Wilson 0-0: SINGLE (Line Drive, 4MD)
Batting: RHB Tommy Davenport 0-0: Ball
1-0: Ball
2-0: Swinging Strike
2-1: Foul Ball, location: 2F
2-2: Strikes out swinging
Batting: RHB Bob Lee 0-0: Foul Ball, location: 2F
0-1: Ball
1-1: Ball
2-1: Ball
3-1: Swinging Strike
3-2: Foul Ball, location: 2F
3-2: Foul Ball, location: 2F
3-2: Ground out 6-3 (Groundball, 6S)
Bottom of the 4th over - 0 run(s), 1 hit(s), 0 error(s), 1 left on base; Pensacola 0 - Kenosha 2
TOP OF THE 5TH
Pensacola Pilots batting - Pitching for Kenosha Kingfish : LHP Nick Clayton
Batting: LHB Nick Gamble 0-0: Foul Ball, location: 2F
0-1: Called Strike
0-2: Ball
1-2: Strikes out swinging
Batting: SHB Fernando Gutiérrez 0-0: DOUBLE (Flyball, 78XD)
Batting: RHB Aaron Grizzle 0-0: Ball
1-0: Called Strike
1-1: Ball
2-1: Ground out 6-3 (Groundball, 6)
Batting: RHB Jesús García 0-0: Ball
1-0: Called Strike
1-1: Ball
2-1: Called Strike
2-2: Ball
3-2: Strikes out swinging
Top of the 5th over - 0 run(s), 1 hit(s), 0 error(s), 1 left on base; Pensacola 0 - Kenosha 2
BOTTOM OF THE 5TH
Kenosha Kingfish batting - Pitching for Pensacola Pilots : LHP Fernando Palácios
Batting: LHB Davey Casey 0-0: Called Strike
0-1: Foul Ball, location: 2F
0-2: Foul Ball, location: 2F
0-2: Ball
1-2: Ball
2-2: Foul Ball, location: 2F
2-2: Strikes out looking
Pitching: RHP Jesús Núñez
Batting: RHB Manuel Gómez 0-0: Ball
1-0: Called Strike
1-1: Ball
2-1: Called Strike
2-2: Ball
3-2: Base on Balls
Batting: LHB Jon Quinn 0-0: Ball
1-0: Ball
2-0: Ball
3-0: Base on Balls
Manuel Gómez to second
Pitching: RHP Manuel Valdés
Batting: RHB Sergio Mata 0-0: Called Strike
Manuel Gómez steals 3rd base
Jon Quinn to second
0-1: Ball
1-1: Called Strike
1-2: Ball
2-2: Ball
3-2: Foul Ball, location: 2F
3-2: Strikes out looking
Batting: SHB Devin Smith 0-0: SINGLE (Groundball, 56D)
Manuel Gómez scores
Jon Quinn to third
Runner from 3rd tries for Home, SAFE, no throw
Batting: SHB John Beach 0-0: Called Strike
0-1: Called Strike
Throwing error on steal attempt, E2
Devin Smith to third
0-2: Ball
1-2: Ball
2-2: Ball
3-2: Foul Ball, location: 2F
3-2: Strikes out swinging
Bottom of the 5th over - 2 run(s), 1 hit(s), 1 error(s), 1 left on base; Pensacola 0 - Kenosha 4
TOP OF THE 6TH
Pensacola Pilots batting - Pitching for Kenosha Kingfish : LHP Nick Clayton
Batting: RHB Leopoldo Horgan 0-0: Called Strike
0-1: Foul Ball, location: 2F
0-2: Ball
1-2: Ball
2-2: Foul Ball, location: 2F
2-2: Strikes out swinging
Batting: RHB Roberto Gómez 0-0: Called Strike
0-1: Foul Ball, location: 2F
0-2: Ball
1-2: Ball
2-2: Ball
3-2: Foul Ball, location: 2F
3-2: Ground out 5-3 (Groundball, 56)
Batting: RHB Jesús Sánchez 0-0: Swinging Strike
0-1: Foul Ball, location: 2F
0-2: Ball
1-2: Foul Ball, location: 2F
1-2: Ball
2-2: Ball
3-2: Strikes out looking
Top of the 6th over - 0 run(s), 0 hit(s), 0 error(s), 0 left on base; Pensacola 0 - Kenosha 4
BOTTOM OF THE 6TH
Kenosha Kingfish batting - Pitching for Pensacola Pilots : RHP Manuel Valdés
Batting: LHB Dusty Wilson 0-0: Called Strike
0-1: Swinging Strike
0-2: Ball
1-2: Ball
2-2: Foul Ball, location: 2F
2-2: SINGLE (Flyball, 8RS)
Batting: RHB Tommy Davenport 0-0: Ball
1-0: Ball
2-0: Ball
3-0: Called Strike
3-1: Foul Ball, location: 2F
3-2: SINGLE (Groundball, 6D)
Dusty Wilson to second
Batting: RHB Bob Lee 0-0: Called Strike
0-1: Ball
1-1: Ball
2-1: Ball
3-1: Foul Ball, location: 2F
3-2: Base on Balls
Dusty Wilson to third
Tommy Davenport to second
Batting: LHB Davey Casey 0-0: Called Strike
0-1: Ball
1-1: Fly out, F6 (Popup, 6)
Batting: RHB Manuel Gómez 0-0: Called Strike
0-1: Foul Ball, location: 2F
0-2: Ball
1-2: Foul Ball, location: 2F
1-2: Grounds into double play, 4-6-3 (Groundball, 4)
Bottom of the 6th over - 0 run(s), 2 hit(s), 0 error(s), 2 left on base; Pensacola 0 - Kenosha 4
TOP OF THE 7TH
Pensacola Pilots batting - Pitching for Kenosha Kingfish : LHP Nick Clayton
Pitching: RHP Anastasio Cervantes
Batting: RHB Julian Lee 0-0: Called Strike
0-1: Ball
1-1: SINGLE (Groundball, 56D)
Batting: LHB Armando Domínguez 0-0: Called Strike
0-1: Foul Ball, location: 2F
0-2: Ball
1-2: Ball
2-2: Fielders Choice at 2nd, 5-4 (Groundball, 5D)
Batting: LHB Nick Gamble 0-0: Ball
1-0: Called Strike
1-1: Swinging Strike
1-2: Strikes out swinging
Batting: SHB Fernando Gutiérrez 0-0: Called Strike
Armando Domínguez steals 2nd base
0-1: Called Strike
0-2: Strikes out swinging passed ball, reaches first!
Armando Domínguez to third
Batting: RHB Aaron Grizzle 0-0: Ball
1-0: Foul Ball, location: 2F
1-1: Ball
2-1: Ball
3-1: Fly out, F6 (Line Drive, 6)
Top of the 7th over - 0 run(s), 1 hit(s), 0 error(s), 2 left on base; Pensacola 0 - Kenosha 4
BOTTOM OF THE 7TH
Kenosha Kingfish batting - Pitching for Pensacola Pilots : RHP Manuel Valdés
Batting: LHB Jon Quinn 0-0: Called Strike
0-1: Ball
1-1: Ball
2-1: DOUBLE (Flyball, 8LD)
Batting: RHB Sergio Mata 0-0: Ball
1-0: Ball
2-0: SINGLE (Flyball, 7S)
Jon Quinn to third
Batting: SHB Devin Smith 0-0: Called Strike
0-1: Ball
1-1: DOUBLE (Line Drive, 7LS)
Jon Quinn scores
Sergio Mata to third
Batting: SHB John Beach 0-0: Ball
1-0: Ground out 5-3 (Groundball, 56)
Sergio Mata scores
Batting: LHB Dusty Wilson 0-0: Called Strike
0-1: Swinging Strike
0-2: Foul Ball, location: 2F
0-2: Ball
1-2: Fly out, F8 (Line Drive, 8RM)
Batting: RHB Tommy Davenport 0-0: Ball
1-0: Called Strike
1-1: Ball
2-1: Foul Ball, location: 2F
2-2: Ball
3-2: Fly out, F7 (Flyball, 7S)
Bottom of the 7th over - 2 run(s), 3 hit(s), 0 error(s), 1 left on base; Pensacola 0 - Kenosha 6
TOP OF THE 8TH
Pensacola Pilots batting - Pitching for Kenosha Kingfish : RHP Anastasio Cervantes
Batting: RHB Jesús García 0-0: Ball
1-0: Ball
2-0: Called Strike
2-1: Ball
3-1: Foul Ball, location: 2F
3-2: Strikes out swinging
Batting: RHB Leopoldo Horgan 0-0: Foul Ball, location: 2F
0-1: Ball
1-1: Foul Ball, location: 2F
1-2: Foul Ball, location: 2F
1-2: Strikes out swinging
Batting: RHB Roberto Gómez 0-0: Ball
1-0: Foul Ball, location: 2F
1-1: Ball
2-1: Hit by Pitch
Batting: RHB Jesús Sánchez 0-0: Called Strike
0-1: Ground out 6-3 (Groundball, 6S)
Top of the 8th over - 0 run(s), 0 hit(s), 0 error(s), 1 left on base; Pensacola 0 - Kenosha 6
BOTTOM OF THE 8TH
Kenosha Kingfish batting - Pitching for Pensacola Pilots : RHP Manuel Valdés
Pitching: LHP Brenton Carter
Batting: RHB Bob Lee 0-0: Fly out, F6 (Line Drive, 6)
Batting: LHB Davey Casey 0-0: Ball
1-0: Ball
2-0: Called Strike
2-1: Foul Ball, location: 2F
2-2: Hit by Pitch
Batting: RHB Manuel Gómez 0-0: Fly out, F4 (Line Drive, 4)
Batting: LHB Jon Quinn 0-0: Called Strike
0-1: Called Strike
0-2: Ball
1-2: Ball
2-2: Foul Ball, location: 2F
2-2: Foul Ball, location: 2F
2-2: Fly out, F7 (Flyball, 78S)
Bottom of the 8th over - 0 run(s), 0 hit(s), 0 error(s), 1 left on base; Pensacola 0 - Kenosha 6
TOP OF THE 9TH
Pensacola Pilots batting - Pitching for Kenosha Kingfish : RHP Anastasio Cervantes
Batting: RHB Julian Lee 0-0: Called Strike
0-1: Ball
1-1: Swinging Strike
1-2: Foul Ball, location: 2F
1-2: Strikes out swinging
Batting: LHB Armando Domínguez 0-0: Ground out 6-3 (Groundball, 6)
Batting: LHB Nick Gamble 0-0: Foul Ball, location: 2F
0-1: Ball
1-1: Foul Ball, location: 2F
1-2: Foul Ball, location: 2F
1-2: Foul Ball, location: 2F
1-2: Strikes out swinging
Top of the 9th over - 0 run(s), 0 hit(s), 0 error(s), 0 left on base; Pensacola 0 - Kenosha 6
Thursday, March 30th, 2017 - OOTP Baseball 17.12 Build 75